 Dungeon Crawl Stone Soup version 0.30.1 (webtiles) character file.

Game seed: 13666465030918800599

56 Groucho the Ducker (level 3, -1/15 HPs)
             Began as a Felid Transmuter on July 9, 2023.
             Slain by an iguana (7 damage)
             ... on level 4 of the Dungeon.
             The game lasted 00:02:55 (1744 turns).

Groucho the Ducker (Felid Transmuter)               Turns: 1744, Time: 00:02:56

Health: -1/15      AC:  1    Str:  8    XL:     3   Next: 71%
Magic:  7/7        EV: 18    Int: 14    God:
Gold:   143        SH:  0    Dex: 16    Spells: 5/6 levels left
                                        Lives:  0   Deaths: 0

rFire   . .          .
                       - Unarmed
rCold   . . .        (shield unavailable)
rNeg    . . .        (body armour unavailable)
rPois   .            (helmet unavailable)
rElec   .            (cloak unavailable)
rCorr   .            (gloves unavailable)
SInv    +            (boots unavailable)
Will    .....        g - amulet of regeneration
Stlth   ++           (no ring)
HPRegen 1.02/turn    (no ring)
MPRegen 0.10/turn

%: no passive effects
@: quick
A: very small, claws 1, fangs 3, see invisible, speed 1, shaggy fur 1, stealthy
paws, no weapons or thrown items, no armour, multi-lived
a: no special abilities


You were on level 4 of the Dungeon.
You visited 1 branch of the dungeon, and saw 4 of its levels.

You collected 143 gold pieces.

Inventory:

Jewellery
 g - an amulet of regeneration (around neck)
Scrolls
 b - 4 scrolls of identify {unknown}
 e - a scroll of poison {unknown}
 f - a scroll of enchant weapon {unknown}
 h - a scroll of magic mapping {unknown}
 i - a scroll of torment {unknown}
 j - a scroll of fog {unknown}
 k - a scroll of teleportation {unknown}
Potions
 a - a potion of lignification
 c - 2 potions of resistance {unknown}
 d - 2 potions of magic {unknown}
 l - a potion of might {unknown}
 m - a potion of curing {unknown}


   Skills:
 + Level 1.3 Fighting
 * Level 3.6 Dodging
 * Level 2.0 Stealth
 * Level 3.3 Unarmed Combat
 + Level 2.2 Spellcasting
 * Level 2.7 Transmutations


You had 5 spell levels left.
You knew the following spells:

 Your Spells              Type           Power      Damage    Failure   Level
a - Beastly Appendage     Tmut           18%        N/A       8%          1

Your spell library contained the following spells:

 Spells                   Type           Power      Damage    Failure   Level
 Wereblood                Tmut           9%         N/A       12%         2
 Apportation              Tloc           2%         N/A       24%         1
 Magic Dart               Conj           4%         1d3       24%         1
 Call Imp                 Summ           2%         N/A       34%         2
 Spider Form              Tmut/Pois      5%         N/A       36%         3
 Mephitic Cloud           Conj/Pois/Air  1%         N/A       56%         3
 Ice Form                 Ice/Tmut       5%         N/A       78%         4
 Alistair's Intoxication  Tmut/Pois      3%         N/A       98%         5


Dungeon Overview and Level Annotations

Branches:
Dungeon (4/15)
 Temple: D:4-7

Altars:


Innate Abilities, Weirdness & Mutations

You have sharp claws.
You have razor-sharp teeth.
You have supernaturally acute eyesight. (SInv)
You cover ground quickly. (Speed+)
You are covered in fur. (AC +1)
Your paws help you pounce on unaware monsters.
You are incapable of wielding weapons or throwing items.
You cannot wear armour.
You gain extra lives every three experience levels.


Message History

You scratch the ball python. Your bite misses the ball python.
The ball python is moderately wounded.
The ball python bites you. The ball python misses you.
You barely miss the ball python.
You claw the ball python, but do no damage.
You bite the ball python.
You kill the ball python!
No target in view!
No target in view!
HP restored.
An iguana comes into view.
A scorpion and a goblin come into view.
The iguana hisses angrily.
The iguana completely misses you.
The goblin moves out of view.
You barely miss the iguana. The iguana misses you.
You scratch the iguana. You bite the iguana, but do no damage.
The iguana is moderately wounded.
You barely miss the iguana.
The iguana is moderately wounded.
The iguana misses you.
You scratch the iguana.
The iguana is heavily wounded.
The iguana barely misses you.
You scratch the iguana.
The iguana is severely wounded.
The iguana bites you!
Ouch! That really hurt!
The goblin completely misses you.
You are too injured to fight recklessly!
You are too injured to fight recklessly!
You are too injured to fight recklessly!
You are too injured to fight recklessly!
You are too injured to fight recklessly!
You scratch the iguana but do no damage.
The iguana is severely wounded.
The iguana misses you. The goblin hits you with a +0 dagger.
You scratch the iguana.
The iguana is almost dead.
The goblin hits you with a +0 dagger. The iguana bites you!
You die...

#.#.# .......
#.#<#.##.......
#..............
#####.#........
#.#........
#.#........
#.#.#######
..#.#######
###@......#
s.....gl...#...
.....####.##
.... ... ...
..## .. .# # ..
##


You could see a scorpion (asleep), an iguana and a goblin.

Vanquished Creatures
  2 adders (D:2)
  A worm (D:2)
  A dart slug (D:1)
  A bat (D:2)
  4 endoplasms (D:1)
  A giant cockroach (D:2)
  3 goblins
  4 hobgoblins
  4 jackals (D:1)
  A kobold (D:2)
  A quokka (D:1)
  3 ball pythons
  4 rats
30 creatures vanquished.

Notes
Turn   | Place    | Note
-------+----------+-------------------------------------------
     0 | D:1      | Groucho the Felid Transmuter began the quest for the Orb.
     0 | D:1      | Reached XP level 1. HP: 9/9 MP: 4/4
   121 | D:1      | Reached XP level 2. HP: 7/12 MP: 6/6
   191 | D:1      | Reached skill level 1 in Stealth
   742 | D:2      | Reached XP level 3. HP: 15/15 MP: 7/7
  1737 | D:4      | Noticed a scorpion
  1744 | D:4      | Slain by an iguana

Illustrated notes

Levels and vault maps discovered:
D:1:      lemuel_arrival_muddy, layout_basic
D:2:      layout_basic, serial_glass, glass_columns_c, glass_columns_a
D:3:      layout_basic, kennysheep_generic_room_9, uniq_natasha, uniq_ijyb,
          uniq_crazy_yiuf_cottage
D:4:      layout_basic

Skill      XL: |  1  2  3 |
---------------+----------+-----
Dodging        | 3 |  3.6
Stealth        | 1 2 |  2.0
Fighting       | |  1.3
Unarmed Combat | |  3.3
Spellcasting   | |  2.2
Transmutations | |  2.7

Action                     || total
---------------------------++-------
  Melee: Unarmed           ||   103
         Bite              ||    11
         Punch             ||     4
   Stab: Sleeping          ||     4
 Armour: Skin              ||     6
  Dodge: Dodged            ||    80
